 Dungeon Crawl Stone Soup version 0.23.2-40-g277498a001 (webtiles) character file.

Game seed: 8684598795628205788

25 BigDickFurry666 the Grave Robber (level 2, 0/11 HPs)
             Began as a Felid Necromancer on Aug 16, 2019.
             Killed by divine providence
             ... invoked by an orc priest
              (11 damage)
             ... on level 2 of the Dungeon.
             The game lasted 00:21:22 (1695 turns).

BigDickFurry666 the Grave Robber (FeNe)             Turns: 1695, Time: 00:21:22

Health: 0/11       AC:  1    Str:  4    XL:     2   Next: 82%
Magic:  6/6        EV: 18    Int: 16    God:
Gold:   8          SH:  0    Dex: 16    Spells: 4/5 levels left
                                        Lives:  0   Deaths: 0

rFire    . . .     SeeInvis +   (weapon unavailable)
rCold    . . .     Gourm    .   (shield unavailable)
rNeg     . . .     Faith    .   (armour unavailable)
rPois    .         Spirit   .   (helmet unavailable)
rElec    .         Reflect  .   (cloak unavailable)
rCorr    .         Harm     .   (gloves unavailable)
MR       .....                  (boots unavailable)
Stlth    +++.......             (no amulet)
HPRegen  0.03/turn              (no ring)
MPRegen  0.10/turn              (no ring)

@: quick
A: very small, no armour, no weapons or thrown items, stealth, claws 1, fangs 3,
see invisible, carnivore, speed 1, shaggy fur 1, slow metabolism 1, sharp paws
a: no special abilities


You were on level 2 of the Dungeon.
You were very full.

You visited 1 branch of the dungeon, and saw 2 of its levels.

You collected 8 gold pieces.

Inventory:

Hand Weapons
 e - a +0 club
 h - a +2 dagger of protection
 k - a +0 whip
 m - a +0 spear
Missiles
 f - 27 bolts
 j - 29 stones
 o - 16 arrows
Armour
 a - a +0 ring mail
Jewellery
 g - an uncursed ring of protection from cold {unknown}
Scrolls
 d - 2 scrolls of remove curse {unknown}
 l - a scroll of magic mapping {unknown}
 p - a scroll of teleportation {unknown}
 q - a scroll of identify {unknown}
Potions
 c - 2 potions of flight {unknown}
 i - a potion of cancellation {unknown}
 n - a potion of mutation {unknown}
 r - 2 potions of curing {unknown}
Comestibles
 b - a ration


   Skills:
 - Level 2.6 Dodging
 - Level 2.6 Stealth
 - Level 2.0 Spellcasting
 + Level 4.9 Necromancy


You had 4 spell levels left.
You knew the following spells:

 Your Spells              Type           Power        Failure   Level  Hunger
a - Pain                  Necr           ###.         2%          1    #......

Your spell library contained the following spells:

 Spells                   Type           Power        Failure   Level  Hunger
 Animate Skeleton         Necr           N/A          2%          1    #......
 Vampiric Draining        Necr           ###.......   9%          3    ###....
 Regeneration             Chrm/Necr      #.........   22%         3    ###....
 Animate Dead             Necr           N/A          26%         4    #####..


Dungeon Overview and Level Annotations

Branches:
Dungeon (2/15)

Altars:


Innate Abilities, Weirdness & Mutations

You cannot wear armour.
You are incapable of wielding weapons or throwing items.
Your paws allow you to move quietly. (Stealth)
You have sharp claws.
You have razor-sharp teeth.
You have supernaturally acute eyesight. (SInv)
You are carnivorous and can eat meat at any time.
You cover ground quickly.
You are covered in fur. (AC +1)
You have a slow metabolism.
Your sharp claws are effective at attacking unaware monsters.


Message History

You start resting.
Eating a chunk of flesh.
You eat the chunk of flesh.
This raw flesh tastes great.
The orc is too close now for your liking.
There is a stone staircase leading up here.
You climb upwards.
There is a stone staircase leading down here.
You start resting.
Magic restored.
You start resting.
HP restored.
You climb downwards.
There is a stone staircase leading up here.
The orc priest shouts!
Casting: Pain (safe; 2% risk of failure)
Confirm with . or Enter, or press ? or * to list all spells.
You don't know that spell.
The orc priest mumbles some strange prayers to Beogh against you.
Beogh smites you!
Ouch! That really hurt!
You die...

###.###.... .
........o. .#
.......####.#.
............
##.###........#.
.%.รท............
#######.......#
#...#####
####.@.#####.
#............
####...#####.
#.........
##...####.#
#..........
#..........
#..........
#...#######


You could see an orc priest.

Vanquished Creatures
  2 dart slugs (D:1)
  A leopard gecko (D:1)
  2 bats (D:1)
  3 giant cockroaches
  A hobgoblin (D:1)
  2 jackals (D:1)
  A quokka (D:2)
  4 frilled lizards
  3 rats (D:1)
19 creatures vanquished.

Notes
Turn   | Place    | Note
-------+----------+-------------------------------------------
     0 | D:1      | BigDickFurry666 the Felid Necromancer began the quest for
                  | the Orb.
     0 | D:1      | Reached XP level 1. HP: 7/7 MP: 4/4
   441 | D:1      | Reached XP level 2. HP: 6/11 MP: 3/6
  1695 | D:2      | Killed from afar by an orc priest

Action                   || total
-------------------------++-------
Melee: Unarmed           ||     4
 Cast: Pain              ||    38
  Eat: Chunk             ||     8
Dodge: Dodged            ||     6
